TOP OF THE 1ST |
Beloit Snappers batting - Pitching for Delmarva Shorebirds : RHP Nick Hoag
|
Pitching: RHP Nick Hoag
|
|
Batting: SHB Robert Santiago
|
0-0: Ground out 6-3 (Groundball, 6, EV 83.8 MPH)
|
Batting: LHB Angel Sanchez
|
0-0: Ball 1-0: SINGLE (Line Drive, 89S, EV 111.2 MPH)
|
Batting: RHB Casey Nicita
|
0-0: SINGLE (Groundball, 56D, EV 97.5 MPH) Angel Sanchez to second
|
Batting: LHB Henry Hutson
|
0-0: Called Strike 0-1: Ball 1-1: Ball 2-1: Foul Ball, location: 2F 2-2: Fielders Choice at 2nd, 3-6 (Groundball, 3, EV 85.0 MPH) Angel Sanchez to third
|
Batting: RHB Josh Whaley
|
0-0: Ball 1-0: Foul Ball, location: 2F 1-1: Ball 2-1: Ball 3-1: Swinging Strike 3-2: Foul Ball, location: 2F 3-2: Strikes out looking
|
Top of the 1st over - 0 runs, 2 hits, 0 errors, 2 left on base; Beloit 0 - Delmarva 0 |
BOTTOM OF THE 1ST |
Delmarva Shorebirds batting - Pitching for Beloit Snappers : RHP Emilio Gonzalez
|
Pitching: RHP Emilio Gonzalez
|
|
Batting: LHB Justin Moore
|
0-0: Foul Ball, location: 2F 0-1: Ground out U3 (Groundball, 3, EV 88.8 MPH)
|
Batting: RHB Francisco Viera
|
0-0: Ball 1-0: Ball 2-0: Fly out, F9 (Flyball, 9LSF, EV 87.5 MPH)
|
Batting: LHB Eric Jackson
|
0-0: Foul Ball, location: 2F 0-1: Ball 1-1: Ball 2-1: Ball 3-1: Foul Ball, location: 2F 3-2: Base on Balls
|
Batting: SHB Jorge Brito
|
0-0: Ball Eric Jackson is caught stealing 2nd base 2-6
|
Bottom of the 1st over - 0 runs, 0 hits, 0 errors, 0 left on base; Beloit 0 - Delmarva 0 |
TOP OF THE 2ND |
Beloit Snappers batting - Pitching for Delmarva Shorebirds : RHP Nick Hoag
|
Batting: RHB Todd Vanasco
|
0-0: Called Strike 0-1: Ball 1-1: Fly out, F9 (Flyball, 89S, EV 78.1 MPH)
|
Batting: SHB Mike Jorgenson
|
0-0: Called Strike 0-1: Ground out U3 (Groundball, 3, EV 86.9 MPH)
|
Batting: RHB Jose Marquez
|
0-0: Called Strike 0-1: Foul Ball, location: 2F 0-2: Ground out 5-3 (Groundball, 5S, EV 66.9 MPH)
|
Top of the 2nd over - 0 runs, 0 hits, 0 errors, 0 left on base; Beloit 0 - Delmarva 0 |
BOTTOM OF THE 2ND |
Delmarva Shorebirds batting - Pitching for Beloit Snappers : RHP Emilio Gonzalez
|
Batting: SHB Jorge Brito
|
0-0: Called Strike 0-1: Ball 1-1: Called Strike 1-2: Ground out 6-3 (Groundball, 6, EV 77.5 MPH)
|
Batting: RHB Jon Zimmerman
|
0-0: Ground out 6-3 (Groundball, 6, EV 86.2 MPH)
|
Batting: LHB Mike Sloan
|
0-0: Called Strike 0-1: Ball 1-1: Ground out 4-3 (Groundball, 34D, EV 85.6 MPH)
|
Bottom of the 2nd over - 0 runs, 0 hits, 0 errors, 0 left on base; Beloit 0 - Delmarva 0 |
TOP OF THE 3RD |
Beloit Snappers batting - Pitching for Delmarva Shorebirds : RHP Nick Hoag
|
Batting: RHB Larry Clark
|
0-0: Ball 1-0: Ground out U3 (Groundball, 3S, EV 70.0 MPH)
|
Batting: SHB Robert Santiago
|
0-0: Ball 1-0: Fly out, F7 (Line Drive, 78M, EV 105.0 MPH)
|
Batting: LHB Angel Sanchez
|
0-0: Foul Ball, location: 2F 0-1: Ground out U3 (Groundball, 13, EV 80.6 MPH)
|
Top of the 3rd over - 0 runs, 0 hits, 0 errors, 0 left on base; Beloit 0 - Delmarva 0 |
BOTTOM OF THE 3RD |
Delmarva Shorebirds batting - Pitching for Beloit Snappers : RHP Emilio Gonzalez
|
Batting: SHB Jared Boyce
|
0-0: Ball 1-0: Swinging Strike 1-1: Fly out, F8 (Flyball, 8LD, EV 102.5 MPH)
|
Batting: LHB Tom Edwards
|
0-0: Ball 1-0: Called Strike 1-1: Fly out, F8 (Flyball, 8RS, EV 87.5 MPH)
|
Batting: LHB Justin Alworth
|
0-0: Called Strike 0-1: Called Strike 0-2: Ball 1-2: SINGLE (Groundball, 34S, EV 68.1 MPH) (infield hit)
|
Batting: LHB Justin Moore
|
0-0: Swinging Strike 0-1: Ball 1-1: Called Strike 1-2: Strikes out looking
|
Bottom of the 3rd over - 0 runs, 1 hit, 0 errors, 1 left on base; Beloit 0 - Delmarva 0 |
TOP OF THE 4TH |
Beloit Snappers batting - Pitching for Delmarva Shorebirds : RHP Nick Hoag
|
Batting: RHB Casey Nicita
|
0-0: Ball 1-0: Foul Ball, location: 2F 1-1: Ball 2-1: Called Strike 2-2: Strikes out swinging
|
Batting: LHB Henry Hutson
|
0-0: Ball 1-0: Ball 2-0: Ball 3-0: Base on Balls
|
Batting: RHB Josh Whaley
|
0-0: Foul Ball, location: 2F 0-1: Ball 1-1: Called Strike 1-2: Ball 2-2: Foul Ball, location: 2F 2-2: Strikes out looking
|
Batting: RHB Todd Vanasco
|
0-0: Fielders Choice at 2nd, 6-4 (Groundball, 6, EV 105.6 MPH)
|
Top of the 4th over - 0 runs, 0 hits, 0 errors, 1 left on base; Beloit 0 - Delmarva 0 |
BOTTOM OF THE 4TH |
Delmarva Shorebirds batting - Pitching for Beloit Snappers : RHP Emilio Gonzalez
|
Batting: RHB Francisco Viera
|
0-0: Foul Ball, location: 2F 0-1: Ball 1-1: Called Strike 1-2: Ground out 1-3 (Groundball, P, EV 68.8 MPH)
|
Batting: LHB Eric Jackson
|
0-0: Called Strike 0-1: Called Strike 0-2: Strikes out swinging
|
Batting: SHB Jorge Brito
|
0-0: Foul Ball, location: 2F 0-1: Ground out 6-3 (Groundball, 6, EV 84.4 MPH)
|
Bottom of the 4th over - 0 runs, 0 hits, 0 errors, 0 left on base; Beloit 0 - Delmarva 0 |
TOP OF THE 5TH |
Beloit Snappers batting - Pitching for Delmarva Shorebirds : RHP Nick Hoag
|
Batting: SHB Mike Jorgenson
|
0-0: Ball 1-0: Ground out 5-3 (Groundball, 5, EV 105.0 MPH)
|
Batting: RHB Jose Marquez
|
0-0: Swinging Strike 0-1: Ball 1-1: Called Strike 1-2: Strikes out swinging
|
Batting: RHB Larry Clark
|
0-0: Called Strike 0-1: Ball 1-1: Swinging Strike 1-2: SINGLE (Groundball, 34D, EV 93.8 MPH)
|
Batting: SHB Robert Santiago
|
0-0: Called Strike Larry Clark steals 2nd base 0-1: Ball 1-1: Fly out, F7 (Flyball, 78M, EV 92.5 MPH)
|
Top of the 5th over - 0 runs, 1 hit, 0 errors, 1 left on base; Beloit 0 - Delmarva 0 |
BOTTOM OF THE 5TH |
Delmarva Shorebirds batting - Pitching for Beloit Snappers : RHP Emilio Gonzalez
|
Batting: RHB Jon Zimmerman
|
0-0: Ball 1-0: Foul Ball, location: 2F 1-1: Foul Ball, location: 2F 1-2: SOLO HOME RUN (Flyball, 7D, EV 100.0 MPH), Distance : 386 ft
|
Batting: LHB Mike Sloan
|
0-0: Foul Ball, location: 2F 0-1: Swinging Strike 0-2: Ball 1-2: Ground out 4-3 (Groundball, 34, EV 104.4 MPH)
|
Batting: SHB Jared Boyce
|
0-0: Swinging Strike 0-1: Ball 1-1: Ball 2-1: Called Strike 2-2: Strikes out swinging
|
Batting: LHB Tom Edwards
|
0-0: Called Strike 0-1: Foul Ball, location: 2F 0-2: DOUBLE (Line Drive, 9LD, EV 111.2 MPH)
|
Batting: LHB Justin Alworth
|
0-0: Called Strike 0-1: Foul Ball, location: 2F 0-2: Ball 1-2: Ball 2-2: Foul Ball, location: 2F 2-2: Ground out 6-3 (Groundball, 6, EV 76.9 MPH)
|
Bottom of the 5th over - 1 run, 2 hits, 0 errors, 1 left on base; Beloit 0 - Delmarva 1 |
TOP OF THE 6TH |
Beloit Snappers batting - Pitching for Delmarva Shorebirds : RHP Nick Hoag
|
Batting: LHB Angel Sanchez
|
0-0: Ball 1-0: Called Strike 1-1: Foul Ball, location: 2F 1-2: Foul Ball, location: 2F 1-2: Ball 2-2: SINGLE (Line Drive, 5D, EV 93.8 MPH)
|
Batting: RHB Casey Nicita
|
0-0: Swinging Strike 0-1: Ball Wild Pitch! Angel Sanchez to second 1-1: Foul Ball, location: 2F 1-2: Ball 2-2: Ball 3-2: Foul Ball, location: 2F 3-2: Foul Ball, location: 2F 3-2: Strikes out looking
|
Batting: LHB Henry Hutson
|
0-0: Called Strike 0-1: Ball 1-1: Foul Ball, location: 2F 1-2: Foul Ball, location: 2F 1-2: Ball 2-2: Ball 3-2: Ground out 5-3 (Groundball, 56, EV 91.2 MPH)
|
Pitching: LHP John Dyer
|
|
Batting: RHB Josh Whaley
|
0-0: Called Strike 0-1: Ball 1-1: Ball 2-1: Swinging Strike 2-2: Strikes out swinging
|
Top of the 6th over - 0 runs, 1 hit, 0 errors, 1 left on base; Beloit 0 - Delmarva 1 |
BOTTOM OF THE 6TH |
Delmarva Shorebirds batting - Pitching for Beloit Snappers : RHP Emilio Gonzalez
|
Batting: LHB Justin Moore
|
0-0: Ball 1-0: Ball 2-0: Swinging Strike 2-1: Ground out 4-3 (Groundball, 4, EV 88.8 MPH)
|
Batting: RHB Francisco Viera
|
0-0: Ball 1-0: Ball 2-0: Ball 3-0: Ground out 6-3 (Groundball, 6, EV 105.0 MPH)
|
Batting: LHB Eric Jackson
|
0-0: Ball 1-0: Called Strike 1-1: Foul Ball, location: 2F 1-2: Strikes out swinging
|
Bottom of the 6th over - 0 runs, 0 hits, 0 errors, 0 left on base; Beloit 0 - Delmarva 1 |
TOP OF THE 7TH |
Beloit Snappers batting - Pitching for Delmarva Shorebirds : LHP John Dyer
|
Batting: RHB Todd Vanasco
|
0-0: Called Strike 0-1: Foul Ball, location: 2F 0-2: Strikes out swinging
|
Batting: SHB Mike Jorgenson
|
0-0: Foul Ball, location: 2F 0-1: Ball 1-1: Called Strike 1-2: Ball 2-2: DOUBLE (Line Drive, 89XD, EV 105.0 MPH)
|
Batting: RHB Jose Marquez
|
0-0: Foul Ball, location: 2F 0-1: Swinging Strike 0-2: Ball 1-2: Strikes out swinging
|
Batting: RHB Larry Clark
|
0-0: Ball 1-0: Foul Ball, location: 2F 1-1: Foul Ball, location: 2F 1-2: Fly out, F7 (Flyball, 78M, EV 85.6 MPH)
|
Top of the 7th over - 0 runs, 1 hit, 0 errors, 1 left on base; Beloit 0 - Delmarva 1 |
BOTTOM OF THE 7TH |
Delmarva Shorebirds batting - Pitching for Beloit Snappers : RHP Emilio Gonzalez
|
Batting: SHB Jorge Brito
|
0-0: Ball 1-0: Ball 2-0: Foul Ball, location: 2F 2-1: Ball 3-1: Base on Balls
|
Batting: RHB Jon Zimmerman
|
0-0: Ball 1-0: Called Strike 1-1: Fly out, F8 (Flyball, 8LS, EV 91.9 MPH)
|
Batting: LHB Mike Sloan
|
0-0: Ball 1-0: Ground out 4-3 (Groundball, 34S, EV 82.5 MPH) Jorge Brito to second
|
Batting: SHB Jared Boyce
|
0-0: Ball 1-0: SINGLE (Groundball, 4MD, EV 108.1 MPH) Jorge Brito to third Runner from 3rd tries for Home, SAFE, throw by CF to home Jared Boyce to second
|
Batting: LHB Tom Edwards
|
0-0: Intentional Walk
|
Batting: LHB Justin Alworth
|
0-0: Foul Ball, location: 2F 0-1: Ball 1-1: SINGLE (Flyball, 89S, EV 94.4 MPH) Jared Boyce to third Tom Edwards to second Runner from 3rd tries for Home, SAFE, throw by RF to home
|
Batting: LHB Justin Moore
|
0-0: Called Strike 0-1: Foul Ball, location: 2F 0-2: Ball 1-2: Ground out U3 (Groundball, 34S, EV 85.6 MPH)
|
Bottom of the 7th over - 2 runs, 2 hits, 0 errors, 2 left on base; Beloit 0 - Delmarva 3 |
TOP OF THE 8TH |
Beloit Snappers batting - Pitching for Delmarva Shorebirds : LHP John Dyer
|
Batting: SHB Robert Santiago
|
0-0: Foul Ball, location: 2F 0-1: Foul Ball, location: 2F 0-2: Ball 1-2: Strikes out swinging
|
Batting: LHB Angel Sanchez
|
0-0: Called Strike 0-1: Ball 1-1: Ball 2-1: SINGLE (Line Drive, 56D, EV 98.8 MPH)
|
Batting: RHB Casey Nicita
|
0-0: Ball 1-0: Ball 2-0: Ball 3-0: Called Strike 3-1: Called Strike 3-2: Fly out, F8 (Flyball, 8RXD, EV 112.5 MPH)
|
Batting: LHB Henry Hutson
|
0-0: Called Strike 0-1: Foul Ball, location: 2F 0-2: SINGLE (Line Drive, 8LS, EV 93.8 MPH) Angel Sanchez to second Runner from 2nd tries for 3rd, SAFE, throw by CF made to third
|
Batting: RHB Josh Whaley
|
0-0: Ball 1-0: Fly out, F7 (Flyball, 7S, EV 81.2 MPH)
|
Top of the 8th over - 0 runs, 2 hits, 0 errors, 2 left on base; Beloit 0 - Delmarva 3 |
BOTTOM OF THE 8TH |
Delmarva Shorebirds batting - Pitching for Beloit Snappers : RHP Emilio Gonzalez
|
Pitching: LHP Shane Stratton
|
|
Batting: RHB Francisco Viera
|
0-0: Swinging Strike 0-1: Ball 1-1: Foul Ball, location: 2F 1-2: Strikes out swinging, 2-3 out at first.
|
Batting: LHB Eric Jackson
|
0-0: Ball 1-0: Foul Ball, location: 2F 1-1: Ground out 5-3 (Groundball, 56S, EV 82.5 MPH)
|
Batting: SHB Jorge Brito
|
0-0: Ball 1-0: Called Strike 1-1: Foul Ball, location: 2F 1-2: Strikes out swinging
|
Bottom of the 8th over - 0 runs, 0 hits, 0 errors, 0 left on base; Beloit 0 - Delmarva 3 |
TOP OF THE 9TH |
Beloit Snappers batting - Pitching for Delmarva Shorebirds : LHP John Dyer
|
Pitching: RHP Manny Rolfe
|
|
Now at 3B: Lee Deason
|
|
Batting: RHB Todd Vanasco
|
0-0: Swinging Strike 0-1: SINGLE (Line Drive, 6MD, EV 95.0 MPH)
|
Batting: SHB Mike Jorgenson
|
0-0: Ball 1-0: Ball 2-0: Called Strike 2-1: Ball Passed Ball! Todd Vanasco to second 3-1: Called Strike 3-2: Strikes out swinging
|
Batting: SHB John Cummings
|
0-0: Ball 1-0: Ground out 4-3 (Groundball, 4, EV 78.1 MPH) Todd Vanasco to third
|
Batting: RHB Larry Clark
|
0-0: Called Strike 0-1: Swinging Strike 0-2: Ball 1-2: Ball 2-2: Ball 3-2: Foul Ball, location: 2F 3-2: Strikes out swinging
|
Top of the 9th over - 0 runs, 1 hit, 0 errors, 1 left on base; Beloit 0 - Delmarva 3 |
|